 Dungeon Crawl Stone Soup version 0.31.0-10-gcf4a605ca0 (webtiles) character file.

Game seed: 4029368540427809845

27490 raph the Toxicologist (level 13, -2/105 HPs)
             Began as a Purple Draconian Alchemist on Jan 25, 2024.
             Was an Initiate of Gozag.
             Slain by a bog body (28 damage)
             ... on level 3 of the Lair of Beasts.
             The game lasted 00:36:00 (20704 turns).

raph the Toxicologist (Purple Draconian Alchemist) Turns: 20704, Time: 00:36:01

Health: -2/105     AC: 16    Str: 10    XL:     13   Next: 4%
Magic:  19/24      EV: 14    Int: 27    God:    Gozag
Gold:   2517       SH:  0    Dex: 12    Spells: 5/27 levels left

rFire   . . .        a - +7 dagger
rCold   . . .        (no shield)
rNeg    . . .        (body armour unavailable)
rPois   .            M - +1 hat {Will+}
rElec   .            k - +2 cloak
rCorr   .            p - +2 pair of gloves
SInv    .            w - +0 pair of boots
Will    ++...        L - amulet of magic regeneration
Stlth   +++          y - +6 ring of intelligence
HPRegen 0.37/turn    G - ring of wizardry
MPRegen 0.59/turn

%: wizardry (x1)
@: gold aura
A: breathe power, AC +8, unfitting armour, cold-blooded
a: Breathe Dispelling Energy, Renounce Religion, Potion Petition, Call Merchant,
Bribe Branch


You were on level 3 of the Lair of Beasts.
You worshipped Gozag.
Gozag was most pleased with you.
You visited 3 branches of the dungeon, and saw 13 of its levels.
You also visited: Ossuary.

You collected 3184 gold pieces.
You spent 420 gold pieces at shops.
You paid 247 gold pieces to Gozag.

Inventory:

Hand Weapons
 a - a +7 dagger (weapon)
 d - a +0 dagger of speed
 e - a +0 short sword
Missiles
 b - 5 curare-tipped darts
 n - 4 throwing nets
 q - 5 datura-tipped darts
 x - 3 darts of dispersal
Armour
 k - a +2 cloak (worn)
 p - a +2 pair of gloves (worn)
 w - a +0 pair of boots (worn)
 M - a +1 hat of willpower (worn)
Magical Staves
 v - a staff of conjuration
Jewellery
 o - a ring of protection from fire
 y - a +6 ring of intelligence (left hand)
 G - a ring of wizardry (right hand)
 L - an amulet of magic regeneration (around neck)
Talismans
 i - a blade talisman
Wands
 j - a wand of roots (19)
 z - a wand of charming (25)
 D - a wand of flame (19)
 K - a wand of acid (3)
Scrolls
 h - 3 scrolls of fog
 r - 5 scrolls of amnesia
 t - 3 scrolls of vulnerability
 u - 2 scrolls of poison
 E - 5 scrolls of teleportation
 F - a scroll of immolation
 J - a scroll of torment
 O - 3 scrolls of blinking
Potions
 c - 3 potions of lignification
 f - 3 potions of heal wounds {unknown}
 g - a potion of haste
 l - 3 potions of berserk rage
 m - 2 potions of attraction
 s - 4 potions of curing
 A - a potion of brilliance {unknown}
 B - 2 potions of invisibility
 C - a potion of cancellation {unknown}
 H - 2 potions of mutation {unknown}
 I - a potion of might {unknown}
 N - a potion of ambrosia {unknown}


   Skills:
 + Level 7.0 Fighting
 + Level 6.1 Short Blades
 + Level 6.3 Dodging
 + Level 6.8 Stealth
 + Level 7.6 Spellcasting
 + Level 6.6 Conjurations
 * Level 7.8 Fire Magic
 - Level 0.2 Air Magic
 + Level 13.9 Alchemy


You had 5 spell levels left.
You knew the following spells:

 Your Spells              Type           Power      Damage    Failure   Level
a - Sting                 Conj/Alch      100%       1d9       1%          1
b - Mercury Vapours       Alch/Air       96%        N/A       1%          2
c - Mephitic Cloud        Conj/Alch/Air  47%        N/A       1%          3
d - Olgreb's Toxic Radia  Alch           71%        N/A       1%          4
e - Sticky Flame          Fire/Alch      62%        2d10      1%          4
f - Flame Wave            Conj/Fire      49%        2d12      1%          4
g - Iskenderun's Mystic   Conj/Tloc      28%        2d7       6%          4

Your spell library contained the following spells:

 Spells                   Type           Power      Damage    Failure   Level
 Kiss of Death            Conj/Necr      100%       2d13      1%          1
 Scorch                   Fire           100%       2d9       1%          2
 Confusing Touch          Hex            10%        N/A       6%          3
 Ozocubu's Armour         Ice            10%        N/A       6%          3
 Tukima's Dance           Hex            10%        N/A       6%          3
 Dimensional Bullseye     Hex/Tloc       5%         N/A       21%         4
 Dispel Undead            Necr           10%        3d9       21%         4
 Freezing Cloud           Conj/Ice/Air   11%        6-21      24%         5
 Metabolic Englaciation   Hex/Ice        5%         N/A       50%         5
 Sculpt Simulacrum        Ice/Alch       23%        N/A       19%         6
 Summon Cactus Giant      Summ           5%         N/A       96%         6


Dungeon Overview and Level Annotations

Branches:
Dungeon (9/15)             Temple (1/1) D:6            Lair (3/5) D:9
  Swamp (0/4) Lair:3       Spider (0/4) Lair:2      Ossuary (visited)
    Orc: D:9-12

Altars:
Ashenzari
Cheibriados
Elyvilon
Fedhas
Gozag
Hepliaklqana
Kikubaaqudgha
Makhleb
Nemelex Xobeh
Okawaru
Qazlal
Ru
Sif Muna
Trog
Uskayaw
Vehumet
Wu Jian
Xom
Yredelemnul
Zin
The Shining One

Shops:
D:8 :

Annotations:
D:6 1 runed translucent door, Ijustatesigmund's ghost, novice GrEE


Innate Abilities, Weirdness & Mutations

You can breathe bolts of dispelling energy.
Your rich purple scales are hard. (AC +8)
You cannot fit into any form of body armour.
You are cold-blooded and may be slowed by cold attacks.


Message History

Casting: Flame Wave (mildly dangerous; 1% risk of failure)
Confirm with . or Enter, or press ? or * to list all spells.
Aiming: Sticky Flame (safe; 1% risk of failure)
Press: ? - help, Shift-Dir - straight line, f - bog body
Aim: a bog body (wandering, hasn't noticed you)
The sticky flame hits the bog body.
The bog body resists.
The bog body is lightly damaged.
The bog body burns!
The bog body casts a spell at you. The bolt of cold hits you!!
You completely miss the bog body. You tail-slap the bog body.
The bog body is moderately damaged.
You hit the bog body.
Your tail-slap misses the bog body.
The bog body is moderately damaged.
The bog body burns!
The bog body casts a spell at you. The bolt of cold hits you!
You puncture the bog body!
You tail-slap the bog body, but do no damage.
The bog body is severely damaged.
The bog body burns!
The bog body touches you! The bog body freezes you!!
You feel yourself slow down.
* * * LOW HITPOINT WARNING * * *
You hit the bog body. You tail-slap the bog body.
The bog body is almost destroyed.
The bog body burns!
You destroy the bog body!
Casting: Sticky Flame (safe; 1% risk of failure)
Confirm with . or Enter, or press ? or * to list all spells.
Aiming: Sticky Flame (safe; 1% risk of failure)
Press: ? - help, Shift-Dir - straight line, f - bog body
Aim: a bog body The sticky flame hits the bog body.
The bog body resists.
The bog body is lightly damaged.
You feel yourself speed up.
The bog body burns!
The bog body touches you.
* * * LOW HITPOINT WARNING * * *
The bog body freezes you!!
You die...
Your body crumbles into a pile of gold.

..# .#.... ...##....#
##.§~♣~..#....# .
#P.♣§♣§§......## .
..§§>§~.......###### ##. #
##.§§~~♣.#....###.#P# ##..
#.#...~~~........###..####...
.............................
...........n@................
.......<.....................
......#...###.###....#.#.#...
........#### #.# #...#######..
.........# ### #^..# ###.
.>.......P ### #...## #...
.........# ####.###....## ###.
.........####...##P#.....######.
................................


You could see a bog body (burning).

Vanquished Creatures
  Gastronok (Lair:2)
  Kirke (Lair:3)
  2 hydras (Lair:2)
  Fannar (Lair:1)
  Erica (Lair:2)
  A boulder beetle (Lair:1)
  A two-headed ogre (D:9)
  Urug (Lair:3)
  Amaemon (Lair:1)
  A bog body (Lair:3)
  3 elephants (Lair:2)
  2 black mambas
  2 cane toads
  Maggie (Lair:1)
  An orange demon (Lair:1)
  A kobold demonologist (D:6)
  A rime drake (Lair:3)
  6 komodo dragons
  2 polar bears
  Prince Ribbit (Lair:3)
  3 hornets
  8 blink frogs
  5 dream sheep (Lair:3)
  A spriggan (Lair:2)
  2 wyverns (D:9)
  A basilisk (Lair:1)
  A vampire (D:9)
  A hog (Lair:3)
  5 humans (Lair:3)
  30 yaks
  A steam dragon (D:9)
  Edmund (D:6)
  2 acid dragons
  8 water moccasins
  Duvessa (D:5)
  4 orc warriors
  2 hornet zombies (D:6)
  3 ice beasts (D:5)
  An ogre (D:9)
  3 black bears
  A sky beast (D:6)
  2 centaurs
  4 wolves
  A phantom (D:6)
  A weeping skull (Ossuary)
  2 kobold brigands
  5 bullfrogs
  4 elf zombies (Ossuary)
  7 scorpions
  A water moccasin zombie (D:6)
  12 wights
  Dowan (D:5)
  A killer bee (D:9)
  4 howler monkeys
  An electric eel (Lair:1)
  2 bullfrog zombies (D:6)
  3 centaur zombies
  5 hounds
  5 orc priests
  2 human zombies (Ossuary)
  4 sleepcaps
  Ijyb (D:4)
  3 iguanas
  6 orc wizards
  2 killer bee zombies
  A crocodile zombie (Ossuary)
  A hound zombie (Ossuary)
  3 mummies (Ossuary)
  Robin (D:4)
  7 adders
  4 gnolls (D:4)
  A river rat (D:5)
  4 adder zombies (Ossuary)
  2 ribbon worms
  4 dart slugs
  44 orcs
  9 ball pythons
  4 endoplasms
  11 giant cockroaches
  6 goblins
  15 hobgoblins
  6 jackals
  16 kobolds
  3 quokkas
  3 ball python zombies (Ossuary)
  6 bats
  5 frilled lizards
  A gnoll zombie (Ossuary)
  7 jackal zombies (Ossuary)
  3 kobold zombies (Ossuary)
  11 rats
372 creatures vanquished.

Notes
Turn   | Place    | Note
-------+----------+-------------------------------------------
     0 | D:1      | raph the Draconian Alchemist began the quest for the Orb.
     0 | D:1      | Reached XP level 1. HP: 14/14 MP: 3/3
   188 | D:1      | Reached XP level 2. HP: 17/20 MP: 0/5
   367 | D:1      | Found a faded altar of an unknown god.
   631 | D:1      | Learned a level 2 spell: Mercury Vapours
  1042 | D:1      | Reached XP level 3. HP: 26/26 MP: 4/6
  1046 | D:1      | Learned a level 3 spell: Mephitic Cloud
  2227 | D:2      | Reached XP level 4. HP: 33/33 MP: 5/7
  3042 | D:3      | Noticed a centaur
  3058 | D:3      | Killed a centaur
  3059 | D:3      | Reached skill level 4 in Alchemy
  3059 | D:3      | Reached XP level 5. HP: 7/38 MP: 3/9
  3697 | D:3      | Found a hazy altar of Hepliaklqana.
  3697 | D:3      | Found a sparkling altar of Nemelex Xobeh.
  3729 | D:3      | Found an ornate altar of the Wu Jian Council.
  3933 | D:3      | Found a hide-covered altar of Uskayaw.
  3935 | D:3      | Found a shimmering altar of Xom.
  3937 | D:3      | Found an opulent altar of Gozag.
  3945 | D:3      | Became a worshipper of Gozag Ym Sagoz the Greedy
  4192 | D:4      | Noticed Ijyb
  4192 | D:4      | Noticed Robin
  4329 | D:4      | Killed Robin
  4565 | D:4      | Killed Ijyb
  4740 | D:4      | Reached XP level 6. HP: 39/45 MP: 4/10
  4746 | D:4      | Reached skill level 5 in Alchemy
  4839 | D:4      | Learned a level 4 spell: Olgreb's Toxic Radiance
  5450 | D:5      | Entered Level 5 of the Dungeon
  5576 | D:5      | Reached skill level 6 in Alchemy
  5601 | D:5      | Found a snail-covered altar of Cheibriados.
  5654 | D:5      | Noticed an ice beast
  5680 | D:5      | Killed an ice beast
  5681 | D:5      | Your scales start taking on a rich purple colour.
  5681 | D:5      | Reached XP level 7. HP: 45/50 MP: 9/12
  5864 | D:5      | Reached skill level 7 in Alchemy
  6081 | D:5      | Noticed Dowan
  6081 | D:5      | Noticed Duvessa
  6109 | D:5      | Killed Duvessa
  6110 | D:5      | Reached skill level 8 in Alchemy
  6159 | D:5      | Killed Dowan
  6283 | D:5      | Reached XP level 8. HP: 32/57 MP: 10/13
  6562 | D:5      | Reached skill level 9 in Alchemy
  6978 | D:6      | Noticed Edmund
  7289 | D:6      | Killed Edmund
  7289 | D:6      | Noticed a kobold demonologist
  7568 | D:6      | Found a staircase to the Ecumenical Temple.
  7591 | D:6      | Killed a kobold demonologist
  7592 | D:6      | Reached skill level 10 in Alchemy
  7612 | Temple   | Entered the Ecumenical Temple
  7879 | D:6      | Found a runed translucent door.
  7880 | D:6      | Noticed Ijustatesigmund's ghost (novice GrEE)
  7958 | D:6      | Found a glowing golden altar of the Shining One.
  7978 | D:6      | Reached skill level 11 in Alchemy
  8034 | D:6      | Reached XP level 9. HP: 40/62 MP: 14/14
  8289 | D:6      | Learned a level 4 spell: Sticky Flame
  8290 | D:6      | Found a basalt altar of Yredelemnul.
  9147 | D:7      | Reached skill level 12 in Alchemy
  9331 | D:7      | Found a white marble altar of Elyvilon.
  9467 | D:7      | Identified the +1 chain mail of Risyso {*Slow rF+ rC+
                  | Int+6}
  9504 | D:7      | Found a sand-covered staircase.
  9509 | Ossuary  | Entered an ossuary
 10272 | Ossuary  | Reached skill level 1 in Fighting
 10540 | Ossuary  | Reached skill level 1 in Short Blades
 10772 | D:7      | Found a stormy altar of Qazlal.
 11435 | D:8      | Reached XP level 10. HP: 73/73 MP: 11/16
 12143 | D:8      | Found Gesipnar's Book Emporium.
 12147 | D:8      | Bought a book of Scorching for 420 gold pieces
 12152 | D:8      | Learned a level 4 spell: Flame Wave
 12653 | D:8      | Reached skill level 1 in Fire Magic
 12888 | D:9      | Identified the +7 whip "Piydde Qure" {protect, rElec Int-4
                  | SInv}
 13170 | D:9      | Noticed a two-headed ogre
 13180 | D:9      | Killed a two-headed ogre
 13181 | D:9      | Reached skill level 5 in Spellcasting
 13181 | D:9      | Reached skill level 13 in Alchemy
 13349 | D:9      | Found a staircase to the Lair.
 13362 | D:9      | Found a blossoming altar of Fedhas.
 13974 | Lair:1   | Entered Level 1 of the Lair of Beasts
 14132 | D:9      | Reached XP level 11. HP: 56/84 MP: 7/19
 14400 | Lair:1   | Noticed Amaemon
 14409 | Lair:1   | Killed Amaemon
 14675 | Lair:1   | Noticed Fannar
 14689 | Lair:1   | Reached skill level 5 in Stealth
 14693 | Lair:1   | Killed Fannar
 14849 | Lair:1   | Noticed a boulder beetle
 14864 | Lair:1   | Killed a boulder beetle
 15018 | Lair:1   | Reached skill level 5 in Fighting
 15018 | Lair:1   | Reached skill level 5 in Conjurations
 15259 | Lair:1   | Reached skill level 5 in Dodging
 15259 | Lair:1   | Reached skill level 5 in Fire Magic
 15620 | Lair:1   | Noticed Maggie
 15642 | Lair:1   | Killed Maggie
 16549 | Lair:2   | Found a hole to the Spider Nest.
 16778 | Lair:2   | Reached XP level 12. HP: 75/94 MP: 9/21
 16803 | Lair:2   | Noticed Erica
 16804 | Lair:2   | Learned a level 4 spell: Iskenderun's Mystic Blast
 16929 | Lair:2   | Killed Erica
 16930 | Lair:2   | Reached skill level 5 in Short Blades
 17348 | Lair:2   | Noticed a six-headed hydra
 17348 | Lair:2   | Noticed Gastronok
 17381 | Lair:2   | Killed a six-headed hydra
 17765 | Lair:2   | Killed Gastronok
 19753 | Lair:3   | Noticed Prince Ribbit
 19753 | Lair:3   | Found a staircase to the Swamp.
 19914 | Lair:3   | Noticed Kirke
 19926 | Lair:3   | Killed Kirke
 20011 | Lair:3   | Killed Prince Ribbit
 20277 | Lair:3   | Noticed a five-headed hydra
 20288 | Lair:3   | Noticed Urug
 20305 | Lair:2   | Killed a five-headed hydra
 20404 | Lair:3   | Killed Urug
 20405 | Lair:3   | Reached XP level 13. HP: 73/105 MP: 16/24
 20704 | Lair:3   | Slain by a bog body

Illustrated notes

Levels and vault maps discovered:
D:1:      ncdulo_halloftheorcs, layout_loops_corners,
          dreamdust_ecumenical_altar_grove
D:2:      minmay_spotlight, layout_loops_corners
D:3:      layout_loops_ring, nzn_wu_jian_contemplation, minitemple
D:4:      layout_rooms, hangedman_abyss_or_decor_stagger, nicolae_goblin_pals
D:5:      layout_cave_pods, mainiacjoe_overflow_alcove_1, portal_sewer_entry_e,
          chequers_decorated_corner, uniq_duvessa
D:6:      layout_basic, mainiacjoe_overflow_small_starburst,
          nicolae_yredelemnul_corpse_copse, minmay_temple_entry_sparse_star,
          gammafunk_ghost_grave, uniq_edmund
D:7:      layout_gridville, elyvilon_altar_4, mainiacjoe_overflow_alcove_2,
          enter_ossuary_2
D:8:      layout_basic, serial_shops, shop
D:9:      layout_roguey, marbit_many_paths, lair_entry_dummy, special_room
          [special_room_orc]
Temple:   dpeg_three_leaves_temple
Lair:1:   layout_gridlike, serial_bayou_pond_c, grunt_megastairs_3,
          uniq_amaemon, uniq_maggie, uniq_fannar
Lair:2:   layout_gridlike, nicolae_spider_entry_non_spiders,
          gauntlet_entry_generic, wad_woods_03, serial_bayou_shore_b,
          serial_bayou_shore_b, uniq_gastronok, uniq_erica
Lair:3:   layout_long_grid, skrybe_swamp_entry_bodies,
          chequers_serial_rivers_marsh, cheibrodos_lair_reptile_den,
          uniq_prince_ribbit2, uniq_kirke, uniq_urug

Skill      XL: |  1  2  3  4  5  6  7  8  9 10 11 12 |
---------------+-------------------------------------+-----
Dodging        | 2 3 4 5 6 |  6.3
Stealth        | 2 3 4 5 6 |  6.8
Conjurations   | 2 3 4 5 6 |  6.6
Alchemy        | 4 6 8 11 12 13 | 13.9
Spellcasting   | 3 4 5 6 7 |  7.6
Fighting       | 2 4 5 7 |  7.0
Short Blades   | 1 3 4 6 |  6.1
Fire Magic     | 3 5 7 |  7.8
Air Magic      | |  0.2

Action                     |  1- 3 |  4- 6 |  7- 9 | 10-12 | 13-15 || total
---------------------------+-------+-------+-------+-------+-------++-------
  Melee: Dagger            |    19 |    81 |   242 |   212 |     5 ||   559
         Short sword       |     7 |       |       |       |       ||     7
         Unarmed           |     6 |       |       |       |       ||     6
         Tailslap          |     5 |     9 |    43 |    43 |     3 ||   103
         Punch             |       |     1 |     4 |     2 |       ||     7
   Cast: Sting             |    58 |    93 |    25 |    14 |       ||   190
         Mercury Vapours   |     7 |    21 |     4 |     3 |       ||    35
         Mephitic Cloud    |     1 |     2 |     8 |    14 |       ||    25
         Olgreb's Toxic Ra |       |       |    19 |    42 |       ||    61
         Sticky Flame      |       |       |    40 |    54 |     2 ||    96
         Flame Wave        |       |       |       |    18 |     1 ||    19
         Iskenderun's Myst |       |       |       |     6 |       ||     6
 Invoke: Potion Petition   |       |       |     1 |       |       ||     1
Ability: Breathe Dispellin |       |       |    14 |    10 |       ||    24
  Evoke: Wand              |       |       |     1 |     2 |       ||     3
    Use: Scroll            |       |    16 |     4 |     5 |       ||    25
         Potion            |       |     1 |       |       |       ||     1
   Stab: Sleeping          |       |       |     4 |    13 |       ||    17
         Confused          |       |       |       |     8 |       ||     8
 Armour: Skin              |    38 |    82 |   211 |   189 |     7 ||   527
  Dodge: Dodged            |    50 |    70 |   186 |   164 |     2 ||   472
